 Dungeon Crawl Stone Soup version 0.23-a0-767-gdc19b93d68 (webtiles) character file.

277722 Leibowitz the Executioner (level 19, -5/273 HPs)
             Began as a Minotaur Berserker on Jan 28, 2019.
             Was the Champion of Trog.
             Killed from afar by a crystal guardian (52 damage)
             ... with a crystal bolt
             ... in the Desolation of Salt.
             The game lasted 02:06:44 (34618 turns).

Leibowitz the Executioner (Minotaur Berserker)     Turns: 34618, Time: 02:06:44

Health: -5/273     AC: 23    Str: 33    XL:     19   Next: 61%
Magic:  18/18      EV: 18    Int:  4    God:    Trog [******]
Gold:   3809       SH:  0    Dex: 15    Spells: 18/18 levels left

rFire    x . .     SeeInvis .   a - +5 executioner's axe (chop)
rCold    . . .     Gourm    .   (shield currently unavailable)
rNeg     . . .     Faith    +   T - +1 chain mail of the Dozen Realms {rCorr Dex+3}
rPois    +         Spirit   .   (helmet restricted)
rElec    +         Reflect  .   q - +1 cloak
rCorr    +         Harm     .   M - +0 pair of gloves
MR       +....                  R - +2 pair of boots
Stlth    ..........             l - amulet of faith
HPRegen  0.55/turn              K - ring of poison resistance
MPRegen  0.16/turn              V - ring "Adidghume" {rElec rF- Slay+5 Stlth+}

@: berserking, slowed
A: retaliatory headbutt, horns 2
}: 2/15 runes: decaying, gossamer
a: Berserk, Trog's Hand, Brothers in Arms, Renounce Religion


You were in the Desolation of Salt.
You worshipped Trog.
Trog was exalted by your worship.
You were very hungry.

You visited 7 branches of the dungeon, and saw 31 of its levels.
You also visited: Ice Cave, Volcano and Desolation.

You collected 4558 gold pieces.
You spent 749 gold pieces at shops.

Inventory:

Hand Weapons
 a - a +5 executioner's axe of chopping (weapon)
 b - a +3 battleaxe of flaming
 v - a +7 battleaxe of electrocution
 H - a +2 battleaxe of freezing
Armour
 q - a +1 cloak (worn)
 t - a +2 plate armour of fire resistance
 I - +0 ice dragon scales
 M - a +0 pair of gloves (worn)
 R - a +2 pair of boots (worn)
 T - the +1 chain mail of the Dozen Realms (worn) {rCorr Dex+3}
   (You found it on level 2 of the Spider Nest)

   It affects your dexterity (+3).
   It provides partial protection from all sources of acid and corrosion.
 X - a +9 plate armour of ponderousness
Jewellery
 j - an uncursed ring of positive energy
 k - an uncursed ring of protection from cold
 l - an amulet of faith (around neck)
 u - an uncursed ring of resist corrosion
 E - the amulet "Utwih Kuiki" {Spirit MR+ Str+2, unknown}
   (You found it in the Desolation of Salt)

   [amulet of guardian spirit]

   It causes incoming damage to be split between your health and magic.
   It affects your strength (+2).
   It affects your resistance to hostile enchantments.
 J - a +5 ring of strength
 K - a ring of poison resistance (left hand)
 N - an uncursed ring of teleportation
 V - the ring "Adidghume" (right hand) {rElec rF- Slay+5 Stlth+}
   (You bought it in a shop on level 2 of the Orcish Mines)

   [ring of stealth]

   It affects your accuracy and damage with ranged weapons and melee attacks
   (+5).
   It makes you vulnerable to fire.
   It insulates you from electricity.
   It makes you more stealthy.
Wands
 B - a wand of clouds (17)
 C - a wand of paralysis (6)
 G - a wand of digging (6)
 Q - a wand of disintegration (27)
Scrolls
 d - 22 scrolls of identify
 e - 8 scrolls of remove curse
 h - 11 scrolls of teleportation
 n - a scroll of holy word
 o - 4 scrolls of enchant armour
 p - 10 scrolls of enchant weapon
 r - 2 scrolls of blinking
 w - a scroll of brand weapon
 y - a scroll of fear
 D - a scroll of silence
 P - a scroll of magic mapping
 S - 2 scrolls of fog
Potions
 f - 3 potions of heal wounds
 g - 11 potions of curing
 i - 3 potions of magic
 m - 4 potions of flight
 s - 2 potions of might
 x - 2 potions of haste
 A - 3 potions of brilliance
 F - a potion of cancellation
 L - 2 potions of agility
 O - 2 potions of berserk rage
 Y - 3 potions of resistance
 Z - 2 potions of ambrosia
Comestibles
 c - 47 rations
 z - 9 chunks of flesh


   Skills:
 * Level 19.1 Fighting
   Level 0.2 Long Blades
 * Level 25.0 Axes
 * Level 17.2 Armour
 * Level 13.5 Dodging
 + Level 1.3 Evocations


You had 18 spell levels left.
You didn't know any spells.
Your spell library was empty.

Dungeon Overview and Level Annotations

Branches:
Dungeon (13/15)              Lair (6/6) D:9           Swamp (4/4) Lair:4
 Spider (4/4) Lair:2        Slime (0/5) Lair:5          Orc (2/2) D:9
    Elf (1/3) Orc:2        Vaults (1/5) D:13
 Temple: D:4-7

Altars:
Ashenzari
Elyvilon
Hepliaklqana
Kikubaaqudgha
Okawaru
Beogh
Jiyva

Shops:
D:4 (   D:6 !   Orc:1 *   Orc:2 =%(}

Annotations:
D:7 2 transporters


Innate Abilities, Weirdness & Mutations

You reflexively headbutt those who attack you in melee.
You have a pair of horns on your head.


Message History

The crystal guardian barely misses you.
You completely miss the crystal guardian.
You headbutt the crystal guardian, but do no damage.
The crystal guardian is moderately damaged.
You miss the imperial myrmidon.
The imperial myrmidon closely misses you.
The guardian serpent hits you but does no damage.
The crystal guardian barely misses you. You furiously retaliate!
You headbutt the crystal guardian!
A red film seems to cover your vision as you go berserk!
You feel yourself moving faster!
You feel mighty!
You are feeling very hungry.
The guardian serpent casts a spell at you.
You feel as though you will be slow longer.
The imperial myrmidon hits you with a +0 scimitar!
* * * LOW HITPOINT WARNING * * *
The guardian serpent completely misses you.
The crystal guardian fires a crystalline bolt at you.
The crystal bolt burns you! The fire burns you terribly!
You die...

#######§§§§§§§#)))##...#.....
#######§§§§§§§#[.......#.....
#######.§§§§.§#}.......#.....
#######.§##§§§#........#.....
#######§§.§.§.#........#.....
#######...#...#)..##..[#.....
######...#...#...§..).#.....
######....8..###.§§§###.....
######.....@p....§§§§§§§§#§.
######.....S.....§§§§§§§.#..
######........§§§§§§§§§§§...
######........§§§§§§§§§§§§§.
######........§§.§§§§ §§§§..
######.........§§§§ §§§§§.
#####....8....8§§§ §§.§§.
####..####..#### §...§. ###..
8.# §§§§..


You could see an imperial myrmidon, a crystal guardian and a guardian serpent.

Vanquished Creatures
  A lich (Vaults:1)
  A tentacled monstrosity (Swamp:3)
  Rupert (D:13)
  2 thorn hunters
  An azure jelly (Swamp:4)
  Kirke (Spider:1)
  Louise (Swamp:2)
  10 ghost moths
  An emperor scorpion (Spider:4)
  7 entropy weavers
  A halazid warlock (Desolation)
  A red draconian (Volcano)
  2 spark wasps (Spider:4)
  A deep elf death mage (Elf:1)
  Josephine (Swamp:1)
  A crystal guardian (Desolation)
  2 ragged hierophants
  A yaktaur captain (Vaults:1)
  3 fire dragons
  3 peacekeepers (Desolation)
  3 ghost crabs
  4 servants of whispers (Desolation)
  12 hydras
  A great orb of eyes (Vaults:1)
  2 shambling mangroves
  4 ice dragons
  15 two-headed ogres
  4 centaur warriors
  Erica (D:9)
  5 dancing weapons (Elf:1)
  8 alligators
  2 orc high priests (Orc:2)
  A queen ant (Spider:2)
  3 ogre magi
  The ghost of feta the Grappler, a novice TrTm of Hepliaklqana (D:12)
  7 deep elf knights
  A skeletal warrior (D:13)
  A fire crab (shapeshifter) (Vaults:1)
  An unseen horror (D:13)
  2 swamp dragons
  3 spriggan druids
  A flayed ghost (D:12)
  5 deep elf archers (Elf:1)
  6 lindwurms (Lair:6)
  2 wizards (Vaults:1)
  6 orb spiders
  2 ironbrand convokers
  Pikel (D:9)
  15 deep elf magi
  8 orc sorcerers
  4 orc knights
  10 ugly things
  A cyclops (Vaults:1)
  23 wolf spiders
  2 manticores (D:11)
  3 moths of wrath
  Joseph (D:8)
  2 ice statues (IceCv)
  4 black mambas
  2 gargoyles (D:11)
  3 vault sentinels (Vaults:1)
  15 spiny frogs
  Maurice (Orc:2)
  5 torpor snails (Lair:6)
  6 komodo dragons
  7 demonic crawlers
  A redback zombie (D:11)
  5 freezing wraiths
  3 rime drakes
  3 yaktaurs (Vaults:1)
  5 trolls
  A queen bee (D:11)
  A meliai (shapeshifter) (Vaults:1)
  25 hornets
  2 polar bears
  3 meliai (Spider:3)
  36 jumping spiders
  Prince Ribbit (D:8)
  13 slime creatures
  12 tyrant leeches
  20 saltlings
  6 hippogriffs
  5 blink frogs
  3 bog bodies
  2 water elementals
  8 wyverns
  9 spriggans
  60 redbacks
  2 air elementals (Elf:1)
  3 shadows
  6 wraiths
  30 tarantellas
  2 vampires
  Grum (D:9)
  16 humans (D:13)
  25 yaks
  6 hogs
  2 steam dragons
  15 vampire mosquitoes
  3 swamp worm simulacra (Swamp:4)
  A hungry ghost (D:7)
  9 wargs (Orc:2)
  4 insubstantial wisps (Swamp:3)
  8 water moccasins
  13 hydra simulacra (Swamp:4)
  3 acid dragons (Lair:6)
  15 soldier ants (Spider:2)
  19 swamp worms
  5 black bears
  5 porcupines
  A sky beast (shapeshifter) (Elf:1)
  A slave (D:9)
  3 phantoms
  26 orc warriors
  10 swamp drakes
  An eye of draining (D:13)
  28 ice beasts
  8 ogres
  2 necrophages
  4 sky beasts
  15 wolves
  25 centaurs
  14 crocodiles
  3 big kobolds
  15 bullfrogs
  2 earth elementals (Elf:1)
  A water moccasin skeleton (D:11)
  7 scorpions
  40 killer bees
  6 electric eels
  4 howler monkeys
  A bullfrog zombie (D:10)
  4 centaur zombies
  7 crimson imps
  3 quasits
  4 centaur skeletons
  10 hounds
  2 jellies
  26 orc wizards
  2 bullfrog skeletons
  32 orc priests
  7 iguanas
  28 worker ants
  2 hound zombies
  A hound skeleton (D:7)
  A howler monkey zombie (D:8)
  A worker ant zombie (D:10)
  17 adders
  8 gnolls
  8 shadow imps
  An ooze (D:1)
  5 swamp drake simulacra (Swamp:4)
  An adder skeleton (D:4)
  4 worms
  6 leopard geckos
  103 orcs
  9 bats
  8 giant cockroaches
  15 goblins
  5 hobgoblins
  12 jackals
  44 kobolds
  4 quokkas
  3 ball pythons
  6 frilled lizards
  A leopard gecko skeleton (D:5)
  A leopard gecko zombie (D:5)
  A quokka skeleton (D:8)
  7 rats
  6 briar patches (Swamp:4)
  A butterfly (Lair:3)
  A fungus (D:9)
  3 plants
1302 creatures vanquished.

Vanquished Creatures (collateral kills)
  2 emperor scorpions (Spider:4)
  A spark wasp (Spider:4)
  A death knight (D:13)
  A skeletal warrior (D:13)
  A centaur skeleton (D:13)
  A hornet (Spider:4)
7 creatures vanquished.

Vanquished Creatures (others)
  An azure jelly (Swamp:4)
  A hydra (Swamp:2)
  A blink frog (Swamp:2)
  An orc wizard (D:9)
  An orc (D:9)
  17 fungi (D:9)
  24 plants
46 creatures vanquished.

Grand Total: 1355 creatures vanquished

Notes
Turn   | Place    | Note
-------+----------+-------------------------------------------
     0 | D:1      | Leibowitz the Minotaur Berserker began the quest for the
                  | Orb.
     0 | D:1      | Reached XP level 1. HP: 19/19 MP: 0/0
   363 | D:1      | Reached XP level 2. HP: 27/27 MP: 1/1
   420 | D:1      | Reached skill level 4 in Axes
   525 | D:1      | Reached ** piety under Trog
   658 | D:1      | Reached XP level 3. HP: 29/33 MP: 2/2
  1237 | D:2      | Reached XP level 4. HP: 39/41 MP: 3/3
  1565 | D:2      | Reached skill level 5 in Axes
  1625 | D:2      | Found a white marble altar of Elyvilon.
  1732 | D:2      | Reached *** piety under Trog
  1843 | D:3      | Found a faded altar of an unknown god.
  1855 | D:3      | Reached XP level 5. HP: 47/47 MP: 4/4
  1992 | D:3      | Noticed an orc warrior
  2002 | D:3      | Killed an orc warrior
  2002 | D:3      | Reached skill level 5 in Fighting
  2002 | D:3      | Reached skill level 6 in Axes
  2002 | D:3      | Reached XP level 6. HP: 17/56 MP: 5/5
  2241 | D:3      | Found an iron altar of Okawaru.
  2398 | D:3      | Found an ancient bone altar of Kikubaaqudgha.
  2827 | D:4      | Reached **** piety under Trog
  2899 | D:4      | Found Puyps's Antique Weapon Emporium.
  3017 | D:4      | Reached skill level 7 in Axes
  3215 | D:5      | Entered Level 5 of the Dungeon
  3219 | D:5      | Reached XP level 7. HP: 61/61 MP: 6/6
  3784 | D:5      | Reached skill level 8 in Axes
  3785 | D:5      | Reached ***** piety under Trog
  4068 | D:6      | Reached skill level 5 in Armour
  4157 | D:6      | Noticed a hippogriff
  4165 | D:6      | Killed a hippogriff
  4165 | D:6      | Reached skill level 9 in Axes
  4165 | D:6      | Reached XP level 8. HP: 44/70 MP: 7/7
  4366 | D:6      | Found Qoawig's Distillery.
  4375 | D:6      | Bought a potion of mutation for 112 gold pieces
  5223 | D:7      | Found a transporter.
  5237 | D:7      | Found a transporter.
  5246 | D:7      | Noticed a slime creature
  5384 | D:7      | Reached skill level 10 in Axes
  5435 | D:7      | Reached XP level 9. HP: 28/79 MP: 8/8
  5812 | D:7      | Reached skill level 11 in Axes
  6040 | D:8      | Found a hazy altar of Hepliaklqana.
  6159 | D:8      | Reached skill level 5 in Dodging
  6219 | D:8      | Received a gift from Trog
  6501 | D:8      | Reached skill level 12 in Axes
  6671 | D:8      | Reached XP level 10. HP: 28/88 MP: 9/9
  6923 | D:8      | Noticed Joseph
  6941 | D:8      | Killed Joseph
  6968 | D:8      | Noticed Prince Ribbit
  6978 | D:8      | Killed Prince Ribbit
  7146 | D:8      | Found a shattered altar of Ashenzari.
  7289 | D:8      | Noticed a two-headed ogre
  7298 | D:8      | Killed a two-headed ogre
  7298 | D:8      | Reached skill level 13 in Axes
  7702 | D:9      | Noticed Grum
  7712 | D:9      | Killed Grum
  7750 | D:9      | Received a gift from Trog
  8103 | D:9      | Reached XP level 11. HP: 93/96 MP: 10/10
  8113 | D:9      | Found a staircase to the Lair.
  8143 | D:9      | Noticed Pikel
  8173 | D:9      | Killed Pikel
  8173 | D:9      | Reached skill level 14 in Axes
  8210 | D:9      | Noticed Erica
  8220 | D:9      | Killed Erica
  8477 | D:9      | Found a staircase to the Orcish Mines.
  8645 | D:9      | Reached ****** piety under Trog
  8715 | D:10     | Entered Level 10 of the Dungeon
  8718 | D:10     | Reached skill level 10 in Fighting
  8721 | D:10     | Received a gift from Trog
  8730 | D:10     | Reached skill level 10 in Armour
  8915 | D:10     | Reached skill level 15 in Axes
  9580 | D:11     | Found a frozen archway.
  9606 | D:11     | Received a gift from Trog
  9606 | D:11     | Reached XP level 12. HP: 98/107 MP: 11/11
  9628 | IceCv    | Entered an ice cave
  9633 | IceCv    | Reached skill level 16 in Axes
 10397 | IceCv    | Noticed an ice dragon
 10397 | IceCv    | Noticed an ice dragon
 10408 | IceCv    | Killed an ice dragon
 10415 | IceCv    | Killed an ice dragon
 10826 | D:11     | Reached skill level 17 in Axes
 10865 | D:11     | Noticed a two-headed ogre
 10872 | D:11     | Killed a two-headed ogre
 11075 | D:11     | Noticed a centaur warrior
 11097 | D:11     | Killed a centaur warrior
 11315 | D:11     | Received a gift from Trog
 11326 | D:11     | Noticed a two-headed ogre
 11336 | D:11     | Killed a two-headed ogre
 11720 | D:12     | Reached XP level 13. HP: 117/117 MP: 12/12
 11944 | D:12     | Received a gift from Trog
 11965 | D:12     | Found a runed door.
 11970 | D:12     | Noticed feta's ghost (novice TrTm)
 11980 | D:12     | Killed feta's ghost
 11980 | D:12     | Reached skill level 18 in Axes
 12296 | D:13     | Found a gate to the Vaults.
 12296 | D:13     | Noticed a fire dragon
 12296 | D:13     | Noticed Rupert
 12378 | Lair:1   | Entered Level 1 of the Lair of Beasts
 12673 | Lair:1   | Found a dark tunnel.
 12734 | Volcano  | Entered a volcano
 12771 | Volcano  | Noticed a red draconian
 12787 | Volcano  | Killed a red draconian
 13928 | Lair:2   | Found a hole to the Spider Nest.
 15479 | Lair:4   | Identified a scroll of acquirement
 15480 | Lair:4   | Got a faintly humming buckler
 15523 | Lair:4   | Reached skill level 19 in Axes
 15632 | Lair:4   | Received a gift from Trog
 15829 | Lair:4   | Found a staircase to the Swamp.
 15973 | Lair:5   | Reached XP level 14. HP: 86/128 MP: 13/13
 16111 | Lair:5   | Reached skill level 10 in Dodging
 16111 | Lair:5   | Reached XP level 15. HP: 125/137 MP: 14/14
 16141 | Lair:5   | Found a staircase to the Slime Pits.
 16141 | Lair:5   | Found a viscous altar of Jiyva.
 16456 | Lair:6   | Entered Level 6 of the Lair of Beasts
 16664 | Lair:6   | Found a runed door.
 16752 | Lair:6   | Paralysed by a hornet for 2 turns
 17962 | Lair:6   | Got a faintly glowing spear
 18416 | Spider:1 | Entered Level 1 of the Spider Nest
 18416 | Spider:1 | Noticed Kirke
 18427 | Lair:2   | Received a gift from Trog
 18427 | Lair:2   | Reached skill level 20 in Axes
 18629 | Spider:1 | Killed Kirke
 19061 | Orc:1    | Entered Level 1 of the Orcish Mines
 19077 | Orc:1    | Found a roughly hewn altar of Beogh.
 19286 | Orc:1    | Reached skill level 15 in Fighting
 19846 | Orc:2    | Entered Level 2 of the Orcish Mines
 19856 | Orc:1    | Found Bicw's General Store.
 20174 | Orc:2    | Received a gift from Trog
 20560 | Orc:2    | Noticed Maurice
 20569 | Orc:2    | Killed Maurice
 20959 | Orc:2    | Found Robarask's Food Boutique.
 20959 | Orc:2    | Found Fima's Jewellery Boutique.
 20960 | Orc:2    | Found Elalekul's Weapon Shop.
 20963 | Orc:2    | Found Uhoumets's Gadget Shop.
 20969 | Orc:2    | Bought the ring "Adidghume" {rElec rF- Slay+5 Stlth+} for
                  | 637 gold pieces
 21159 | Orc:2    | Found a staircase to the Elven Halls.
 21184 | Elf:1    | Entered Level 1 of the Elven Halls
 21237 | Elf:1    | Reached skill level 1 in Evocations
 21237 | Elf:1    | Reached XP level 16. HP: 138/148 MP: 15/15
 21364 | Elf:1    | Received a gift from Trog
 21467 | Elf:1    | Reached skill level 21 in Axes
 21858 | Elf:1    | Reached XP level 17. HP: 127/157 MP: 16/16
 22899 | Spider:1 | HP: 2/158 [tarantella (8)]
 22904 | Spider:1 | Reached skill level 15 in Armour
 23368 | Swamp:1  | Entered Level 1 of the Swamp
 23552 | Swamp:1  | Received a gift from Trog
 23624 | Swamp:1  | Noticed Josephine
 23645 | Swamp:1  | Killed Josephine
 24122 | Swamp:2  | Noticed Louise
 24181 | Swamp:2  | Killed Louise
 24329 | Swamp:2  | Reached skill level 22 in Axes
 25197 | Swamp:2  | Received a gift from Trog
 26699 | Swamp:3  | Received a gift from Trog
 26755 | Swamp:3  | Noticed a tentacled monstrosity
 26769 | Swamp:3  | Killed a tentacled monstrosity
 26918 | Swamp:4  | Entered Level 4 of the Swamp
 27114 | Swamp:4  | Reached XP level 18. HP: 136/169 MP: 17/17
 27695 | Swamp:4  | Got a decaying rune of Zot
 28037 | Swamp:4  | Received a gift from Trog
 28482 | Spider:1 | Reached skill level 23 in Axes
 29278 | Spider:2 | Got a jewelled chain mail
 29295 | Spider:2 | Identified the +1 chain mail of the Dozen Realms {rCorr
                  | Dex+3} (You found it on level 2 of the Spider Nest)
 29315 | Spider:2 | Received a gift from Trog
 30381 | Spider:3 | Found the +8 mithril axe "Arga" {speed, MR+}
 30983 | Spider:4 | Entered Level 4 of the Spider Nest
 30994 | Spider:4 | Received a gift from Trog
 31667 | Spider:4 | HP: 5/172 [disintegration (34)]
 31682 | Spider:4 | HP: 4/172 [disintegration (30)]
 32294 | Spider:4 | Received a gift from Trog
 32303 | Spider:4 | Reached skill level 24 in Axes
 32341 | Spider:4 | Got a gossamer rune of Zot
 33149 | D:13     | Reached XP level 19. HP: 178/180 MP: 18/18
 33275 | D:13     | Paralysed by Rupert for 3 turns
 33288 | D:13     | Killed Rupert
 33930 | D:13     | Received a gift from Trog
 34273 | Vaults:1 | Entered Level 1 of the Vaults
 34324 | Vaults:1 | Noticed a lich
 34333 | Vaults:1 | Killed a lich
 34337 | Vaults:1 | Received a gift from Trog
 34455 | Vaults:1 | Found a ruined gateway.
 34463 | Desolati | Entered the Desolation of Salt
 34511 | Desolati | Got a flickering platinum amulet
 34538 | Desolati | Reached skill level 25 in Axes
 34618 | Desolati | Killed from afar by a crystal guardian

Vault maps used:
D:1:      eino_arrival_tree_alley, minmay_misc_feat_diagonals
D:2:      elyvilon_altar_3, first_ration
D:3:      nicolae_overflow_crystal_walls, kiku_gazebo_garden_becter,
          chequers_ecumenical_altar_simple
D:4:      serial_shops, shop
D:5:      kennysheep_kobold_camp, chequers_temple_overflow_statue_of_worship,
          minmay_temple_entry_large_hall, minmay_circle_x
D:6:      serial_shops, nicolae_shop_statue_plus
D:7:      gammafunk_the_bubble, serial_bayou_pond_a
D:8:      minmay_evil_eye, marbit_many_paths, kennysheep_little_box,
          kennysheep_generic_room_11, uniq_joseph, uniq_prince_ribbit1
D:9:      due_lair_maze_entry_diamond, hiddenorc1_lemuel, special_room,
          uniq_pikel, uniq_grum, uniq_erica
D:10:     hangedman_pestilent_swarm
D:11:     regret_index_combs_of_tragedy, portal_ice_cave_entry_ice_beasts,
          serial_bayou_lake_a
D:12:     ebering_ghost_inner_flame
D:13:     david_vaults_3
Lair:1:   nicolae_volcano_entry_hallway, gauntlet_entry_generic,
          grunt_megastairs_1
Lair:2:   nicolae_spider_entry_non_spiders
Lair:3:   lemuel_fruit_fields, grunt_megastairs_3
Lair:4:   palyth_hydra_swamp_entry, chequers_serial_rivers_room_b,
          hibernation_bobbens
Lair:5:   slime_altar_1, grunt_megastairs_4
Lair:6:   wormcave, guppyfry_lair_end_dragon, minmay_lindwurm_lava
Swamp:1:  infiniplex_staircase_pool, swamp_pool2, cheibrodos_swamp_pet_leeches,
          uniq_josephine
Swamp:2:  evilmike_swamp_ruin_rubble_2, uniq_louise
Swamp:3:  hangedman_swamp_blocks, swamp_pool1, nicolae_swamp_spriggan_camp
Swamp:4:  swamp_icy
Spider:1: nicolae_spider_hall_of_the_moth_king, uniq_kirke
Spider:2: zaba_antful_of_joy
Spider:3: nicolae_spider_webs_and_nodes, spiders_nest_the_unseen
Spider:4: spider_rune_water
Orc:1:    basic_altar, serial_shops, shop, nicolae_orc_stony_grotto
Orc:2:    st_orc_mages, guppyfry_orc_lava_fort, uniq_maurice
Elf:1:    eino_elf_arrival_the_gate, minivault_28
Vaults:1: v_pattern_2, hangedman_vaults_hat, hangedman_vaults_nails,
          vaults_room_door_ring, v_misc_31, nicolae_vaults_little_squares_3,
          v_misc_2, ontoclasm_vaults_spin, nicolae_vaults_murderbox,
          ontoclasm_vaults_ring_small, ontoclasm_vaults_shuriken, v_misc_19,
          nicolae_vaults_little_squares_3, v_misc_24,
          nicolae_vaults_specimen_jars, portal_desolation_entry_nicolae_nacl,
          serial_shops, nicolae_shop_behind_doors,
          lightli_enter_wizlab_magi_temple
IceCv:    ice_cave_small_dragons
Volcano:  volcano_pools

Skill      XL: |  1  2  3  4  5  6  7  8  9 10 11 12 13 14 15 16 17 18 19 |
---------------+----------------------------------------------------------+-----
Fighting       | 4 5 6 7 8 9 10 12 13 14 15 17 18 19 | 19.1
Axes           | 4 5 6 7 9 10 12 13 15 17 19 20 21 22 24 25 | 25.0
Armour         | 3 4 5 6 8 9 10 11 12 13 14 15 16 17 | 17.2
Dodging        | 3 4 5 6 7 8 9 10 11 12 13 | 13.5
Evocations     | 1 |  1.3
Long Blades    | |  0.2

Action                   |  1- 3 |  4- 6 |  7- 9 | 10-12 | 13-15 | 16-18 | 19-21 || total
-------------------------+-------+-------+-------+-------+-------+-------+-------++-------
Melee: Hand axe          |    99 |    63 |       |       |       |       |       ||   162
       Headbutt          |    12 |    23 |    48 |   148 |   162 |   184 |    49 ||   626
       War axe           |       |    69 |   236 |   167 |    16 |       |       ||   488
       Battleaxe         |       |       |       |   510 |   415 |   223 |       ||  1148
       Scimitar          |       |       |       |       |     6 |       |       ||     6
       Executioner's axe |       |       |       |       |   218 |   586 |   209 ||  1013
       Broad axe         |       |       |       |       |       |    20 |       ||    20
Invok: Berserk           |     1 |     2 |       |     1 |       |     3 |     2 ||     9
       Brothers in Arms  |       |       |       |     1 |       |     1 |     1 ||     3
       Trog's Hand       |       |       |       |       |       |     2 |     1 ||     3
  Use: Scroll            |       |       |     6 |     9 |     6 |     8 |     2 ||    31
       Potion            |       |       |     3 |     3 |     7 |     7 |       ||    20
 Stab: Sleeping          |     2 |       |       |       |       |       |       ||     2
       Held in net/web   |       |       |       |       |       |     1 |       ||     1
  Eat: Chunk             |     2 |     8 |    10 |    14 |    25 |    28 |     5 ||    92
       Ration            |       |       |     1 |     4 |     3 |     4 |     1 ||    13
Armor: Animal skin       |    11 |       |       |       |       |       |       ||    11
       Scale mail        |    14 |     5 |       |       |       |       |       ||    19
       Chain mail        |       |    42 |    10 |       |       |   218 |   104 ||   374
       Ring mail         |       |       |    62 |   104 |     2 |       |       ||   168
       Plate armour      |       |       |       |   280 |   431 |   501 |       ||  1212
Dodge: Dodged            |    58 |    81 |   171 |   421 |   569 |   607 |   133 ||  2040
       Rpst.: Scimitar   |       |       |       |       |     2 |       |       ||     2

Table legend:
 A = Non-vault XP
 B = Vault XP
 C = Vault XP percentage of total XP
 D = Non-vault monster count
 E = Vault monster count
 F = Vault count percentage of total count
                 A         B        C        D         E       F
            +---------+---------+-------+---------+---------+-------
      Total |  184529 |  153055 |  45.3 |     796 |     503 |  38.7
            +---------+---------+-------+---------+---------+-------
        D:1 |      61 |       0 |   0.0 |      32 |       0 |   0.0
        D:2 |     115 |       0 |   0.0 |      30 |       0 |   0.0
        D:3 |     250 |       0 |   0.0 |      28 |       0 |   0.0
        D:4 |     291 |       0 |   0.0 |      15 |       0 |   0.0
        D:5 |     283 |     128 |  31.1 |      15 |      21 |  58.3
        D:6 |     581 |       0 |   0.0 |      13 |       0 |   0.0
        D:7 |    1615 |       0 |   0.0 |      27 |       0 |   0.0
        D:8 |    2640 |    2162 |  45.0 |      36 |       8 |  18.2
        D:9 |    2475 |    3572 |  59.1 |      31 |      49 |  61.2
       D:10 |    3824 |     888 |  18.8 |      42 |       4 |   8.7
       D:11 |    7035 |    6847 |  49.3 |      51 |      52 |  50.5
       D:12 |    3451 |    1518 |  30.5 |      27 |       2 |   6.9
       D:13 |    8378 |    8554 |  50.5 |      40 |      20 |  33.3
     Lair:1 |    4017 |     367 |   8.4 |      12 |       2 |  14.3
     Lair:2 |    4929 |     917 |  15.7 |      14 |      10 |  41.7
     Lair:3 |    1952 |     389 |  16.6 |      13 |       1 |   7.1
     Lair:4 |    1538 |    2708 |  63.8 |      11 |       7 |  38.9
     Lair:5 |    2944 |     517 |  14.9 |      13 |       2 |  13.3
     Lair:6 |    3574 |   13491 |  79.1 |      11 |      38 |  77.6
    Swamp:1 |    5329 |    2960 |  35.7 |      17 |       9 |  34.6
    Swamp:2 |   19736 |    1752 |   8.2 |      39 |       1 |   2.5
    Swamp:3 |   15514 |    2151 |  12.2 |      36 |       5 |  12.2
    Swamp:4 |    8795 |    7565 |  46.2 |      20 |      28 |  58.3
   Spider:1 |   13311 |    6860 |  34.0 |      42 |      14 |  25.0
   Spider:2 |   12324 |    6546 |  34.7 |      32 |      34 |  51.5
   Spider:3 |   10812 |    1600 |  12.9 |      28 |       1 |   3.4
   Spider:4 |   15061 |   24718 |  62.1 |      34 |      47 |  58.0
      Orc:1 |    3784 |       0 |   0.0 |      26 |       0 |   0.0
      Orc:2 |    2039 |    7538 |  78.7 |      13 |      55 |  80.9
      Elf:1 |   12154 |   10199 |  45.6 |      20 |      16 |  44.4
   Vaults:1 |   15717 |   12775 |  44.8 |      28 |      23 |  45.1
      IceCv |       0 |    5072 | 100.0 |       0 |      20 | 100.0
    Volcano |       0 |    5644 | 100.0 |       0 |       6 | 100.0
 Desolation |       0 |   15617 | 100.0 |       0 |      28 | 100.0
            +---------+---------+-------+---------+---------+-------
